 Dungeon Crawl Stone Soup version 0.18.1-8-gdd0e5ea (webtiles) character file.

32722 GordonOverkill the Severer (level 13, 0/118 HPs)
             Began as a Minotaur Berserker on June 1, 2016.
             Was a High Priest of Trog.
             Slain by a bone dragon (2 damage)
             ... on level 2 of the Abyss.
             The game lasted 00:46:20 (15194 turns).

GordonOverkill the Severer (Minotaur Berserker)    Turns: 15194, Time: 00:46:21

Health: 0/118      AC: 22    Str: 29    XL:     13   Next: 32%
Magic:  12/12      EV: 10    Int:  4    God:    Trog [*****.]
Gold:   1005       SH:  3    Dex: 11    Spells: 0 memorised, 12 levels left

rFire  . . .     SeeInvis .     L - +7 executioner's axe (chop)
rCold  + . .     Gourm    .     t - +0 plate armour
rNeg   + . .     Faith    .     (shield currently unavailable)
rPois  .         Spirit   .     (helmet restricted)
rElec  .         Dismiss  .     n - +1 cloak
rCorr  .         Reflect  +     D - +2 pair of gloves {Str+3}
SustAt .         Harm     .     (no boots)
MR     .....                    a - +3 amulet of reflection
Stlth  ..........               f - ring of positive energy
                                C - ring of stealth

@: not resistant to hostile enchantments, extremely unstealthy
A: retaliatory headbutt, horns 2, cold resistance 1
a: Berserk, Trog's Hand, Brothers in Arms, Burn Spellbooks, Renounce Religion


You were on level 2 of the Abyss.
You worshipped Trog.
Trog was extremely pleased with you.
You were not hungry.

You visited 2 branches of the dungeon, and saw 15 of its levels.
You visited the Abyss 2 times.

You collected 1005 gold pieces.

Inventory:

Hand Weapons
 J - a +1 battleaxe of chopping
 L - a +7 executioner's axe of chopping (weapon)
 O - a +3 war axe of flaming
 S - a +1 war axe of chopping
Missiles
 g - a throwing net (quivered)
Armour
 n - a +1 cloak (worn)
 t - a +0 plate armour (worn)
 D - a +2 pair of gloves of strength (worn)
 P - a +0 swamp dragon armour
Jewellery
 a - a +3 amulet of reflection (around neck)
 d - an uncursed ring of ice
 e - an uncursed ring of flight
 f - a ring of positive energy (right hand)
 C - a ring of stealth (left hand)
Wands
 b - a wand of slowing (48/48)
 v - a wand of flame (34/48)
 y - a wand of flame (28/48)
 K - a wand of lightning (4/15)
 M - a wand of random effects (23/48)
 U - a wand of iceblast (10/15)
 X - a wand of confusion (10/48)
Scrolls
 l - 6 scrolls of remove curse
 p - 2 scrolls of magic mapping
 q - a scroll of fog
 B - 3 scrolls of teleportation
 E - a scroll of silence
 Q - 4 scrolls of identify
 R - a scroll of recharging
Potions
 h - a potion of agility
 i - 6 potions of might
 j - 4 potions of flight
 o - 3 potions of brilliance
 r - 4 potions of cure mutation
 s - 2 potions of curing
 w - 3 potions of heal wounds
 z - 3 potions of haste
 A - a potion of invisibility
 F - 2 potions of resistance
 G - a potion of berserk rage
 H - a potion of cancellation
 I - a potion of ambrosia
Books
 T - a book of Geomancy

   Spells                             Type                      Level
   a - Sandblast                      Earth                        1
   b - Passwall                       Transmutation/Earth          2
   c - Stone Arrow                    Conjuration/Earth            3
   d - Petrify                        Transmutation/Earth          4
   e - Lee's Rapid Deconstruction     Earth                        5
   Trog disapproves of the use of such an item.
Comestibles
 c - 8 bread rations
 m - 3 beef jerkies
 u - a fruit
 x - 10 royal jellies
 N - 5 meat rations
 Z - a slice of pizza


   Skills:
 - Level 12.0 Fighting
 + Level 19.3 Axes
 - Level 13.0 Armour
 + Level 4.1 Dodging


You had 12 spell levels left.
You didn't know any spells.

Dungeon Overview and Level Annotations

Branches:
Dungeon (14/15)            Temple (1/1) D:5            Lair (0/8) D:9
    Orc (0/2) D:11         Vaults (0/5) D:14

Altars:
Ashenzari
Cheibriados
Dithmenos
Elyvilon
Fedhas
Gozag
Kikubaaqudgha
Makhleb
Nemelex Xobeh
Okawaru
Pakellas
Qazlal
Ru
Sif Muna
Trog
Vehumet
Xom
Yredelemnul
Zin
The Shining One

Annotations:
D:14 Louise


Innate Abilities, Weirdness & Mutations

You reflexively headbutt those who attack you in melee.
You have a pair of horns on your head.
Your flesh is cold resistant.


Message History

A raiju comes into view.
You barely miss the bone dragon. Your headbutt misses the bone dragon.
The bone dragon is almost destroyed.
The bone dragon bites you but does no damage.
The bone dragon claws you.
* * * LOW HITPOINT WARNING * * *
The bone dragon tramples you.
* * * LOW HITPOINT WARNING * * *
You stumble backwards!
Okay, then.
Drink which item? (? for menu, Esc to quit)
Okay, then.
Unknown command.
You hit the bone dragon. Your headbutt misses the bone dragon.
The bone dragon is almost destroyed.
The bone dragon bites you!
* * * LOW HITPOINT WARNING * * *
The bone dragon claws you but does no damage.
The bone dragon tramples you.
You die...

.# #.. . #..## . #
....## # #.
.##..## . # #..
#.... ## .
.#.##.###.###
#....
...........####.'.
. #
.......@D......#
#.#.........######
.
.#..h......#....#
...............#
..........#.####
...........#...
##############...#
#.#.# # #


You could see a bone dragon and a raiju.

Vanquished Creatures
  A tentacled starspawn (Abyss:2)
  7 slime creatures
  Azrael (D:12)
  Josephine (D:11)
  2 hydras
  A catoblepas (D:14)
  4 centaur warriors
  A tengu warrior (D:14)
  The ghost of Leafly the Blocker, a novice FoFi of Ru (D:6)
  An unseen horror (D:11)
  A wizard (D:14)
  Pikel (D:5)
  A large abomination (Abyss:2)
  4 hill giants
  An ugly thing (D:11)
  2 cyclopes
  An elephant (D:9)
  A spiny frog (shapeshifter) (D:13)
  A gargoyle (D:14)
  A kobold demonologist (D:10)
  A freezing wraith (D:14)
  An efreet (D:12)
  4 trolls
  3 two-headed ogres
  Prince Ribbit (D:7)
  A raiju (shapeshifter) (D:14)
  A shadow (D:11)
  5 wraiths
  A vampire (D:13)
  The ghost of Leafly the Skirmisher, an amateur DrBe of Trog (D:3)
  15 yaks
  A human (shapeshifter) (D:13)
  A wyvern (D:11)
  A hippogriff (D:8)
  3 fire elementals (D:12)
  3 vampire mosquitoes (D:12)
  A human (D:3)
  2 hungry ghosts
  Edmund (D:5)
  A small abomination (Abyss:2)
  A soldier ant (D:11)
  A water moccasin (D:9)
  3 hell hounds (D:12)
  4 slaves (D:5)
  A black bear (D:10)
  2 ice beasts
  4 sky beasts
  2 wasps
  A black bear (shapeshifter) (D:14)
  A necrophage (D:7)
  5 orc warriors
  6 ogres
  6 centaurs
  3 crocodiles
  Blork the orc (D:5)
  2 big kobolds
  5 giant frogs
  A wyvern zombie (D:8)
  5 scorpions
  15 killer bees
  16 wights
  3 crimson imps
  2 quasits
  8 jellies
  7 hounds
  5 orc priests
  Crazy Yiuf (D:2)
  A centaur skeleton (D:8)
  An iron imp (D:9)
  10 orc wizards
  6 iguanas
  12 worker ants
  Terence (D:3)
  A killer bee zombie (D:10)
  2 hound zombies
  A hound skeleton (D:4)
  A worker ant zombie (D:6)
  14 gnolls
  17 adders
  4 shadow imps
  An ufetubus (Abyss:2)
  6 oozes
  An adder zombie (D:9)
  2 adder skeletons
  2 worms
  A dart slug (D:2)
  5 giant geckos
  51 orcs
  4 giant cockroaches
  13 goblins
  19 hobgoblins
  8 jackals
  21 kobolds
  2 quokkas
  5 ball pythons
  4 bats
  3 giant newts
  2 jackal skeletons
  A jackal zombie (D:7)
  2 quokka skeletons
  6 rats
  2 starspawn tentacles (Abyss:2)
425 creatures vanquished.

Vanquished Creatures (collateral kills)
  Sonja (D:12)
  2 hell hounds (D:12)
  2 killer bees (D:13)
  7 wights (D:12)
12 creatures vanquished.

Grand Total: 437 creatures vanquished

Notes
Turn   | Place    | Note
--------------------------------------------------------------
     0 | D:1      | GordonOverkill the Minotaur Berserker began the quest for the Orb.
     0 | D:1      | Reached XP level 1. HP: 19/19 MP: 0/0
   168 | D:1      | Reached skill level 4 in Axes
   623 | D:1      | Reached XP level 2. HP: 26/26 MP: 1/1
   819 | D:2      | Reached skill level 5 in Axes
   931 | D:2      | Found a faded altar to an unknown god.
   956 | D:2      | Reached ** piety under Trog
   956 | D:2      | Reached XP level 3. HP: 31/31 MP: 2/2
  1292 | D:2      | Found a radiant altar of Vehumet.
  1352 | D:2      | Found an ancient bone altar of Kikubaaqudgha.
  1381 | D:2      | Found a deep blue altar of Sif Muna.
  1445 | D:2      | Noticed Crazy Yiuf
  1450 | D:2      | Killed Crazy Yiuf
  1450 | D:2      | Reached skill level 6 in Axes
  1450 | D:2      | Reached XP level 4. HP: 39/39 MP: 3/3
  1730 | D:3      | Noticed Terence
  1736 | D:3      | Killed Terence
  1969 | D:3      | Noticed Leafly's ghost (amateur DrBe)
  1972 | D:3      | Found a runed door.
  1972 | D:3      | Noticed a human
  1982 | D:3      | Killed Leafly's ghost
  1982 | D:3      | Reached skill level 8 in Axes
  1982 | D:3      | Reached XP level 5. HP: 16/45 MP: 4/4
  1982 | D:3      | Reached XP level 6. HP: 18/51 MP: 5/5
  2211 | D:3      | Found a basalt altar of Yredelemnul.
  2226 | D:3      | Killed a human
  2226 | D:3      | Reached skill level 9 in Axes
  2833 | D:4      | Reached *** piety under Trog
  2833 | D:4      | Reached XP level 7. HP: 44/57 MP: 6/6
  3172 | D:4      | Reached skill level 10 in Axes
  3220 | D:4      | Noticed a hungry ghost
  3244 | D:4      | Killed a hungry ghost
  3351 | D:5      | Entered Level 5 of the Dungeon
  3552 | D:5      | Reached skill level 11 in Axes
  3762 | D:5      | Reached XP level 8. HP: 64/64 MP: 7/7
  3892 | D:5      | Reached **** piety under Trog
  3905 | D:5      | Found a staircase to the Ecumenical Temple.
  3907 | D:5      | Noticed Edmund
  3931 | D:5      | Killed Edmund
  4007 | D:5      | Noticed Pikel
  4028 | D:5      | Killed Pikel
  4028 | D:5      | Reached skill level 12 in Axes
  4159 | D:5      | Found a sacrificial altar of Ru.
  4675 | D:5      | Noticed Blork the orc
  4683 | D:5      | Killed Blork the orc
  4683 | D:5      | Reached XP level 9. HP: 79/79 MP: 8/8
  4742 | D:5      | Found a shattered altar of Ashenzari.
  5019 | Temple   | Entered the Ecumenical Temple
  5275 | D:6      | Noticed Leafly's ghost (novice FoFi)
  5290 | D:6      | Killed Leafly's ghost
  5290 | D:6      | Reached skill level 13 in Axes
  5371 | D:6      | Reached ***** piety under Trog
  5662 | D:6      | Found a glowing silver altar of Zin.
  5799 | D:6      | Found a white marble altar of Elyvilon.
  5799 | D:6      | Found a sparkling altar of Nemelex Xobeh.
  5799 | D:6      | Found a shadowy altar of Dithmenos.
  6246 | D:7      | Reached skill level 14 in Axes
  6295 | D:7      | Noticed Prince Ribbit
  6304 | D:7      | Killed Prince Ribbit
  6338 | D:7      | Reached skill level 10 in Fighting
  6589 | D:8      | Found an oddly glowing altar of Pakellas.
  6590 | D:8      | Found an iron altar of Okawaru.
  6597 | D:8      | Reached XP level 10. HP: 93/93 MP: 9/9
  6691 | D:8      | Gained mutation: Your flesh is cold resistant. [potion of beneficial mutation]
  7641 | D:9      | Found an opulent altar of Gozag.
  7855 | D:9      | Found a staircase to the Lair.
  7855 | D:9      | Noticed an elephant
  7863 | D:9      | Killed an elephant
  8033 | D:9      | Reached skill level 15 in Axes
  8097 | D:9      | Received a gift from Trog
  8213 | D:9      | Found a snail-covered altar of Cheibriados.
  8493 | D:10     | Entered Level 10 of the Dungeon
  8804 | D:10     | Noticed a hill giant
  8809 | D:10     | Killed a hill giant
  8864 | D:10     | Reached XP level 11. HP: 103/104 MP: 10/10
  9251 | D:11     | Reached skill level 16 in Axes
  9259 | D:11     | Reached skill level 5 in Armour
  9490 | D:11     | Killed an unseen horror
  9831 | D:11     | Received a gift from Trog
  9864 | D:11     | Noticed an eight-headed hydra
  9872 | D:11     | Killed a three-headed hydra
 10142 | D:11     | Noticed Josephine
 10156 | D:11     | Killed Josephine
 10568 | D:11     | Found a staircase to the Orcish Mines.
 10673 | D:11     | Noticed a hill giant
 10677 | D:11     | Killed a hill giant
 10677 | D:11     | Reached skill level 17 in Axes
 10834 | D:11     | Noticed a purple ugly thing
 10839 | D:11     | Killed a purple ugly thing
 11129 | D:12     | Noticed Sonja
 11133 | D:12     | Cast into level 1 of the Abyss (Sonja)
 11140 | D:12     | Escaped the Abyss
 11145 | D:12     | Killed Sonja
 11511 | D:12     | Noticed Azrael
 11523 | D:12     | Killed Azrael
 11523 | D:12     | Reached XP level 12. HP: 39/112 MP: 11/11
 11774 | D:12     | Reached skill level 10 in Armour
 11809 | D:12     | Noticed a centaur warrior
 11825 | D:12     | Killed a centaur warrior
 12183 | D:12     | Received a gift from Trog
 12457 | D:12     | Reached skill level 18 in Axes
 13129 | D:13     | Noticed a centaur warrior
 13148 | D:13     | Killed a centaur warrior
 13557 | D:13     | Noticed a centaur warrior
 13569 | D:13     | Killed a centaur warrior
 13575 | D:13     | Noticed a five-headed hydra
 13632 | D:13     | Killed a four-headed hydra
 14372 | D:13     | Received a gift from Trog
 14372 | D:13     | Reached XP level 13. HP: 115/118 MP: 12/12
 14679 | D:14     | Reached skill level 19 in Axes
 14837 | D:14     | Found a gate to the Vaults.
 14891 | D:14     | Found a bloodstained altar of Trog.
 14982 | D:14     | Noticed Louise
 14982 | D:14     | Cast into level 2 of the Abyss (Louise)
 15006 | Abyss:2  | Found a corrupted altar of Lugonu.
 15118 | Abyss:2  | Noticed a tentacled starspawn
 15127 | Abyss:2  | Killed a tentacled starspawn
 15182 | Abyss:2  | Noticed a bone dragon
 15194 | Abyss:2  | HP: 2/118 [bone dragon (12)]
 15194 | Abyss:2  | Slain by a bone dragon

Skill      XL: |  1  2  3  4  5  6  7  8  9 10 11 12 13 |
---------------+----------------------------------------+-----
Axes           | 4 5 6 8 9 11 12 14 15 17 18 19 | 19.3
Fighting       | 7 10 12 | 12.0
Armour         | 3 9 12 13 | 13.0
Dodging        | 4 |  4.1

Action                   |  1- 3 |  4- 6 |  7- 9 | 10-12 | 13-15 || total
-------------------------+-------+-------+-------+-------+-------++-------
Melee: Hand axe          |    76 |    94 |   347 |       |       ||   517
       Headbutt          |    13 |    13 |    80 |   142 |    15 ||   263
       War axe           |       |       |    70 |   590 |       ||   660
       Executioner's axe |       |       |       |       |    62 ||    62
Invok: Berserk           |     1 |     2 |     4 |     4 |     1 ||    12
       Burn Spellbooks   |     1 |     1 |     1 |     2 |       ||     5
       Trog's Hand       |       |       |       |     6 |       ||     6
       Brothers in Arms  |       |       |       |     3 |       ||     3
  Use: Scroll            |       |       |    25 |     7 |     4 ||    36
       Potion            |       |       |       |     2 |       ||     2
  Eat: Chunk             |     2 |     7 |    15 |    19 |     3 ||    46
       Meat ration       |       |       |     2 |     2 |     1 ||     5
       Fruit             |       |       |       |     1 |       ||     1
Armor: Animal skin       |    12 |       |       |       |       ||    12
       Scale mail        |    14 |       |       |       |       ||    14
       Plate armour      |    12 |    52 |   176 |   345 |    47 ||   632
Dodge: Dodged            |    42 |    22 |   117 |   178 |    29 ||   388
Block: Other             |       |       |       |    74 |    15 ||    89
       Reflection        |       |       |       |     2 |     2 ||     4
